 Dungeon Crawl Stone Soup version 0.26.0-45-g9c1d065592 (webtiles) character file.

Game seed: 2746762438106053293

414 kaeus the Sneak (level 6, -4/43 HPs)
             Began as an Octopode Fighter on Jan 29, 2021.
             Killed by divine providence
             ... invoked by an orc priest
              (15 damage)
             ... on level 4 of the Dungeon.
             The game lasted 00:03:06 (4108 turns).

kaeus the Sneak (Octopode Fighter)                  Turns: 4108, Time: 00:03:07

Health: -4/43      AC:  1    Str: 15    XL:     6   Next: 91%
Magic:  6/6        EV: 13    Int: 11    God:
Gold:   145        SH:  9    Dex: 13    Spells: 5/5 levels left

rFire    . . .     SeeInvis .   a - +0 rapier
rCold    . . .     Faith    .   b - +0 kite shield
rNeg     . . .     Spirit   .   (helmet restricted)
rPois    .         Reflect  .   (no amulet)
rElec    .         Harm     .   (no ring)
rCorr    .         Rampage  .   (no ring)
Will     .....                  (no ring)
Stlth    ++++......             (no ring)
HPRegen  0.14/turn              (no ring)
MPRegen  0.10/turn              (no ring)
                                (no ring)
                                (no ring)

@: no status effects
A: almost no armour, stealthy swim, amphibious, 8 rings, constrict 8, camouflage
1, gelatinous body 1
a: no special abilities


You were on level 4 of the Dungeon.
You visited 1 branch of the dungeon, and saw 4 of its levels.

You collected 145 gold pieces.

Inventory:

Hand Weapons
 a - a +0 rapier (weapon)
Armour
 b - a +0 kite shield (worn)
Jewellery
 g - an uncursed ring of fire {unknown}
 l - an uncursed ring of resist corrosion {unknown}
Scrolls
 d - 2 scrolls of magic mapping {unknown}
 f - a scroll of random uselessness {unknown}
 j - a scroll of blinking {unknown}
 n - a scroll of immolation {unknown}
 o - a scroll of amnesia {unknown}
 p - 2 scrolls of remove curse {unknown}
 q - a scroll of teleportation {unknown}
 t - a scroll of identify {unknown}
Potions
 c - 2 potions of might
 e - a potion of berserk rage {unknown}
 h - a potion of haste {unknown}
 i - a potion of attraction {unknown}
 k - 2 potions of magic {unknown}
 m - a potion of ambrosia
 r - 4 potions of heal wounds {unknown}
 s - 2 potions of curing {unknown}


   Skills:
 + Level 4.1 Fighting
 + Level 3.2 Short Blades
 + Level 4.1 Dodging
 * Level 5.4 Stealth
 + Level 4.1 Shields


You had 5 spell levels left.
You didn't know any spells.
Your spell library was empty.

Dungeon Overview and Level Annotations

Branches:
Dungeon (4/15)
 Temple: D:4-7

Altars:
Ashenzari
Cheibriados
Xom
The Shining One

Annotations:
D:4 Menkaure


Innate Abilities, Weirdness & Mutations

You cannot wear most types of armour.
You are very stealthy in the water. (Stealth+)
You are amphibious.
You can wear up to eight rings at the same time.
You can use your tentacles to constrict eight enemies at once.
Your skin changes colour to match your surroundings (Stealth+).
Your rubbery body absorbs attacks. (AC +1, EV +1)


Message History

The orc completely misses you.
You closely miss the orc priest. Your grab misses the orc priest.
You squeeze the orc priest.
The orc priest is moderately wounded.
You block the orc priest's attack. You block the orc's attack.
The orc priest looks braver for a moment.
The orc barely misses you.
You hit the orc priest but do no damage.
You grab the orc priest. You constrict the orc priest.
The orc priest mumbles some strange prayers to Beogh against you.
Beogh smites you! The orc hits you.
* * * LOW HITPOINT WARNING * * *
You take 10 damage, and have 12/43 hp.
MASSIVE DAMAGE!!
You barely miss the orc. You grab the orc. You constrict the orc.
You constrict the orc priest. The orc priest hits you.
* * * LOW HITPOINT WARNING * * *
The orc misses you.
The orc priest calls down the wrath of Beogh upon you.
Beogh smites you!
You die...

####.########
#......#
#####.##.#.#
#........#.#
#.###.#### #
# ##.# #.# #
#..# #.. #
#.## ###. #
#@# .M #
#..ooo..# ..
# #.##o##.#
... # # #.# #
# #.# # ... #
#.# # (.. # #


You could see 2 orc priests and 2 orcs.

Vanquished Creatures
  A howler monkey (D:4)
  2 orc priests (D:4)
  Jessica (D:3)
  Natasha (thrice) (D:3)
  Robin (D:2)
  11 adders
  A worm (D:2)
  8 dart slugs
  5 leopard geckos
  2 orcs (D:4)
  3 giant cockroaches
  12 goblins
  13 hobgoblins
  7 jackals
  4 kobolds
  3 bats
  4 frilled lizards
  A leopard gecko skeleton (D:3)
  8 rats
90 creatures vanquished.

Notes
Turn   | Place    | Note
-------+----------+-------------------------------------------
     0 | D:1      | kaeus the Octopode Fighter began the quest for the Orb.
     0 | D:1      | Reached XP level 1. HP: 16/16 MP: 1/1
    51 | D:1      | Reached skill level 1 in Stealth
    63 | D:1      | Reached XP level 2. HP: 5/21 MP: 2/2
   717 | D:1      | Reached XP level 3. HP: 26/26 MP: 3/3
   770 | D:1      | Reached skill level 2 in Stealth
  1273 | D:2      | Reached XP level 4. HP: 31/31 MP: 4/4
  1624 | D:2      | Reached skill level 3 in Stealth
  1853 | D:2      | Noticed Robin
  1858 | D:2      | Killed Robin
  2122 | D:2      | Found a snail-covered altar of Cheibriados.
  2219 | D:2      | Found a glowing golden altar of the Shining One.
  2349 | D:2      | Found a broken altar of Ashenzari.
  2376 | D:2      | Reached XP level 5. HP: 36/36 MP: 5/5
  2604 | D:3      | Noticed Natasha
  2609 | D:3      | Killed Natasha
  2611 | D:3      | Noticed Natasha
  2618 | D:3      | Killed Natasha
  2619 | D:3      | Reached skill level 4 in Stealth
  2780 | D:3      | Noticed Natasha
  2790 | D:3      | Killed Natasha
  2791 | D:3      | Reached XP level 6. HP: 22/43 MP: 6/6
  3316 | D:3      | Noticed Jessica
  3323 | D:3      | Killed Jessica
  3775 | D:4      | Reached skill level 5 in Stealth
  4045 | D:4      | Found a shimmering altar of Xom.
  4045 | D:4      | Found a shimmering altar of Xom.
  4046 | D:4      | Found a shimmering altar of Xom.
  4092 | D:4      | Noticed Menkaure
  4108 | D:4      | Killed from afar by an orc priest

Illustrated notes

Levels and vault maps discovered:
D:1:      tarquinn_simple_flora_water_a, layout_basic, serial_bayou_ford_a
D:2:      layout_rooms, lemuel_crystal_altar, ashenzari_conservatory_becter,
          overflow_temple_1_default, minmay_tromino_i2, uniq_robin
D:3:      minmay_evil_eye, layout_basic, serial_co_window_serial,
          co_window_paths_a, co_window_of_opportunity_a,
          co_window_of_opportunity_a, co_window_paths_b, co_window_paths_b,
          co_window_corner_b, co_window_broadway_a, co_window_unsneaky_path_c,
          glass_columns_a, uniq_jessica, uniq_natasha
D:4:      layout_loops_cross, xom_redecorated, kennysheep_mini_moat,
          kennysheep_little_box, gammafunk_temple_overflow_statue, uniq_menkaure

Skill      XL: |  1  2  3  4  5  6 |
---------------+-------------------+-----
Stealth        | 1 2 3 4 5 |  5.4
Short Blades   | 3 |  3.2
Fighting       | 4 |  4.1
Shields        | 4 |  4.1
Dodging        | 4 |  4.1

Action                   |  1- 3 |  4- 6 || total
-------------------------+-------+-------++-------
Melee: Rapier            |    52 |   130 ||   182
       Constrict         |    14 |    40 ||    54
       Tentacles         |     9 |    23 ||    32
  Use: Potion            |     3 |       ||     3
 Stab: Sleeping          |     3 |    12 ||    15
Armor: Skin              |    43 |     6 ||    49
Dodge: Dodged            |    27 |    74 ||   101
Block: Kite shield       |    21 |    56 ||    77
